 Dungeon Crawl Stone Soup version 0.29-a0-542-g075992c915 (webtiles) character file.

Game seed: 12956320752256460979

265 Sweetruy1997 the Slasher (level 5, -1/42 HPs)
             Began as a Demonspawn Chaos Knight on June 4, 2022.
             Was a Plaything of Xom.
             Slain by Grinder (3 damage)
             ... on level 3 of the Dungeon.
             The game lasted 00:06:06 (2274 turns).

Sweetruy1997 the Slasher (Demonspawn Chaos Knight)  Turns: 2274, Time: 00:06:06

Health: -1/42      AC:  5    Str: 12    XL:     5   Next: 99%
Magic:  5/5        EV: 15    Int: 14    God:    Xom [..*...]
Gold:   73         SH:  0    Dex: 16    Spells: 1/4 levels left

rFire   + . .      SeeInvis .   a - +2 falchion (chaos)
rCold   . . .      Faith    .   (no shield)
rNeg    . . .      Spirit   .   b - +2 leather armour
rPois   .          Reflect  .   (no helmet)
rElec   .          Harm     .   (no cloak)
rCorr   .          Rampage  .   (no gloves)
Will    .....                   (no boots)
Stlth   +++.......              (no amulet)
HPRegen 0.14/turn               n - +4 ring of evasion
MPRegen 0.09/turn               (no ring)

@: no status effects
A: thin skeletal structure 1, powered by pain 2, spiny 1, fire resistance 1
a: Renounce Religion


You were on level 3 of the Dungeon.
You worshipped Xom.
You were a toy of Xom.
You visited 1 branch of the dungeon, and saw 3 of its levels.

You collected 73 gold pieces.

Inventory:

Hand Weapons
 a - a +2 falchion of chaos (weapon)
Armour
 b - a +2 leather armour (worn)
Jewellery
 n - a +4 ring of evasion (left hand)
Wands
 k - a wand of flame (10)
Scrolls
 d - 5 scrolls of identify
 e - a scroll of fear {unknown}
 f - 2 scrolls of teleportation
 g - a scroll of torment {unknown}
 h - 2 scrolls of amnesia {unknown}
 l - a scroll of acquirement {unknown}
Potions
 i - a potion of mutation {unknown}
 j - 2 potions of heal wounds {unknown}
 m - a potion of resistance {unknown}
 o - a potion of curing {unknown}
 p - a potion of invisibility
Miscellaneous
 c - a piece from Xom's chessboard (14/15) (quivered)


   Skills:
 + Level 3.8 Fighting
 + Level 5.0 Long Blades
 - Level 2.0 Armour
 - Level 1.0 Dodging
 - Level 1.0 Stealth
 + Level 0.1 Spellcasting
 + Level 0.1 Transmutations
 + Level 0.1 Fire Magic
 + Level 1.7 Evocations


You had one spell level left.
You knew the following spells:

 Your Spells              Type           Power      Damage    Failure   Level
a - Ignite Poison         Fire/Tmut/Pois 0%         N/A       71%         3

Your spell library contained the following spells:

 Spells                   Type           Power      Damage    Failure   Level
 Mephitic Cloud           Conj/Pois/Air  0%         N/A       73%         3
 Fulminant Prism          Conj/Hex       0%         3d6       98%         4
 Iskenderun's Mystic Bla  Conj/Tloc      0%         2d3       98%         4
 Freezing Cloud           Conj/Ice/Air   0%         6-21      100%        5
 Lee's Rapid Deconstruct  Erth           0%         3d5*      100%        5


Dungeon Overview and Level Annotations

Branches:
Dungeon (3/15)

Altars:
Ru
Xom

Annotations:
D:3 Grinder


Innate Abilities, Weirdness & Mutations

You have a somewhat thin skeletal structure. (Dex +2, Stealth+)
You sometimes gain power by taking damage.
You are partially covered in sharp spines.
Your flesh is heat resistant. (rF+)


Message History

You kill the orc!
Your piece from Xom's chessboard (14/15) has regained one charge.
You hit the kobold.
You kill the kobold!
No target in view!
No target in view!
p - a ruby potion
Found a scroll of noise.
Found 13 stones. "Where it stops, nobody knows!"
Your surroundings suddenly seem different.
Your surroundings suddenly seem different.
Your surroundings suddenly seem different.
Grinder comes into view.
Found a hunting sling.
Grinder shouts!
Grinder drinks a potion.
Grinder flickers and vanishes!
Deactivating autopickup; reactivate with Ctrl-A.
As you read the scroll labelled VYNAWE LYHYD, it crumbles to dust.
It is a scroll of identify.
f - 2 scrolls of teleportation An endoplasm comes into view.
You barely miss something. Something hits you!
You writhe in agony.
The endoplasm quivers.
You hit something. Pain shoots through your body!
You barely miss something. Something hits you!
* * * LOW HITPOINT WARNING * * *
Something hits you.
* * * LOW HITPOINT WARNING * * *
"Let's try an experiment, hmmm?"
A monocle briefly appears over your right eye.
Something tries to affect you, but you resist.
Something hits you but does no damage. The endoplasm attacks as you move away!
The endoplasm is struck by your spines.
The endoplasm hits you but does no damage.
You closely miss something. Something hits you.
* * * LOW HITPOINT WARNING * * *
You writhe in agony.
You die... "What!?
That's it?"

... #.# #.#
#.# #.### #...
######.#######
#...@{J......#
#.####.#####.#
#)# ..# ##..
#.. #..# ##.#


You could see an endoplasm.

Vanquished Creatures
  A hog (shapeshifter) (D:2)
  Jessica (D:2)
  3 adders
  A dart slug (D:1)
  An orc (D:3)
  6 ball pythons
  7 endoplasms
  3 giant cockroaches (D:1)
  4 hobgoblins
  6 jackals
  2 quokkas (D:1)
  5 bats
  5 frilled lizards
  4 goblins (D:1)
  4 kobolds
  7 rats
60 creatures vanquished.

Vanquished Creatures (others)
  A fungus (D:1)
1 creature vanquished.

Grand Total: 61 creatures vanquished

Notes
Turn   | Place    | Note
-------+----------+-------------------------------------------
     0 | D:1      | Sweetruy1997 the Demonspawn Chaos Knight began the quest
                  | for the Orb.
     0 | D:1      | Reached XP level 1. HP: 18/18 MP: 1/1
    28 | D:1      | XOM: divination: detect items
   180 | D:1      | Reached skill level 3 in Long Blades
   182 | D:1      | XOM: divination: detect creatures
   184 | D:1      | XOM: silly message
   196 | D:1      | Gained mutation: You are partially covered in sharp spines.
                  | [demonic ancestry]
   196 | D:1      | Reached XP level 2. HP: 17/24 MP: 2/2
   203 | D:1      | Reached skill level 1 in Dodging
   238 | D:1      | XOM: scenery: create altars
   648 | D:1      | Gained mutation: You have a somewhat thin skeletal
                  | structure. (Dex +2, Stealth+) [demonic ancestry]
   648 | D:1      | Reached XP level 3. HP: 29/29 MP: 3/3
   734 | D:1      | Found a faded altar of an unknown god.
   977 | D:1      | XOM: god gift: scroll labelled WEVAPTOMIGG {god gift}
  1013 | D:1      | XOM: cloud trail
  1063 | D:2      | Noticed Jessica
  1069 | D:2      | Killed Jessica
  1069 | D:2      | XOM: give mutations
  1069 | D:2      | Gained mutation: You are strong-willed. (Will+) [Xom's
                  | grace]
  1069 | D:2      | Gained mutation: Your muscles are strong. (Str +2) [Xom's
                  | grace]
  1069 | D:2      | Gained mutation: Your flesh is heat resistant. (rF+) [Xom's
                  | grace]
  1070 | D:2      | Reached skill level 1 in Evocations
  1070 | D:2      | Gained mutation: You sometimes gain a little power by
                  | taking damage. [demonic ancestry]
  1070 | D:2      | Reached XP level 4. HP: 34/35 MP: 4/4
  1088 | D:2      | Learned a level 3 spell: Ignite Poison
  1102 | D:2      | XOM: noise
  1175 | D:2      | XOM: draining
  1181 | D:2      | Reached skill level 1 in Stealth
  1291 | D:2      | XOM: 1-stop teleportation journey
  1408 | D:2      | XOM: give mutations
  1408 | D:2      | Lost mutation: You are strong-willed. (Will+) [Xom's
                  | mischief]
  1408 | D:2      | Lost mutation: Your muscles are strong. (Str +2) [Xom's
                  | mischief]
  1627 | D:2      | Found a sacrificial altar of Ru.
  1760 | D:2      | Noticed Sigmund
  1767 | D:2      | Noticed Sigmund
  1767 | D:2      | Sigmund changed into Sigmund the shapeshifter
  1767 | D:2      | Noticed Sigmund
  1767 | D:2      | Sigmund the shapeshifter changed into Sigmund the black
                  | bear
  1771 | D:2      | Noticed Sigmund
  1771 | D:2      | Sigmund the black bear changed into Sigmund the hog
  1777 | D:2      | XOM: summons friendly shadow imp
  1778 | D:2      | Killed Sigmund the hog
  1779 | D:2      | Reached skill level 4 in Long Blades
  1779 | D:2      | Gained mutation: You sometimes gain power by taking damage.
                  | [demonic ancestry]
  1779 | D:2      | Reached XP level 5. HP: 14/42 MP: 5/5
  2080 | D:2      | Reached skill level 5 in Long Blades
  2261 | D:3      | Noticed Grinder
  2261 | D:3      | XOM: 3-stop teleportation journey
  2271 | D:3      | XOM: silly message
  2274 | D:3      | HP: 2/42 [something (3)]
  2274 | D:3      | Slain by Grinder

Illustrated notes

Levels and vault maps discovered:
D:1:      dpeg_arrival_ratfight, layout_basic,
          shapermc_ecumenical_altar_mp_urbaneastern
D:2:      layout_loops_ring, basic_altar, uniq_jessica, uniq_sigmund
D:3:      layout_loops_ring, roderic_lattice_a, uniq_grinder, uniq_terence

Skill      XL: |  1  2  3  4  5 |
---------------+----------------+-----
Long Blades    | 3 4 5 |  5.0
Armour         | 2 |  2.0
Dodging        | 1 |  1.0
Evocations     | 1 |  1.7
Stealth        | 1 |  1.0
Fighting       | |  3.8
Spellcasting   | |  0.1
Transmutations | |  0.1
Fire Magic     | |  0.1

Action                   |  1- 3 |  4- 6 || total
-------------------------+-------+-------++-------
Melee: Falchion          |    83 |    46 ||   129
Evoke: Piece from Xom's  |    16 |     2 ||    18
  Use: Scroll            |     4 |     1 ||     5
 Stab: Paralysed         |     2 |       ||     2
       Sleeping          |     2 |     4 ||     6
       Petrified         |     1 |       ||     1
Armor: Leather armour    |    33 |    16 ||    49
Dodge: Dodged            |    60 |    17 ||    77

Table legend: (Time is in decaauts)
 A = Elapsed time spent in this place.
 B = Non-inter-level travel time spent in this place.
 C = Inter-level travel time spent in this place.
 D = Time resting spent in this place.
 E = Time spent auto-exploring this place.
 F = Levels seen in this place.
 G = Mean time per level.
                   A        B        C        D        E       F      G
               +--------+--------+--------+--------+--------+-----+--------+
         Total |   2289 |   2246 |     43 |    235 |   1586 |   3 |  763.0 |
       Dungeon |   2289 |   2246 |     43 |    235 |   1586 |   3 |  763.0 |
               +--------+--------+--------+--------+--------+-----+--------+

Top non-repeatable levels by time:
     D:2: 1117 daAuts
     D:1: 1071 daAuts
     D:3: 100 daAuts
